 Dungeon Sprint DCSS version 0.19.1-1-g22dce08 (webtiles) character file.

186014 dvd the Shatterer (level 16, -4/180 HPs)
             Began as a Troll Berserker on Jan 6, 2017.
             Was a High Priest of Trog.
             Slain by an Executioner (18 damage)
             ... summoned by Gloorx Vloq
             ... in the Dungeon (Sprint III: "The Ten Rune Challenge") on Jan 7, 2017.
             The game lasted 01:27:50 (9046 turns).

dvd the Shatterer (Troll Berserker)                 Turns: 9046, Time: 01:27:50

Health: -4/180     AC: 30    Str: 31    XL:     16   Next: 77%
Magic:  18/18      EV: 18    Int:  5    God:    Trog [*****.]
Gold:   1330       SH:  5    Dex: 16    Spells: 0 memorised, 15 levels left

rFire  + + .     SeeInvis .     b - +10 giant club "Sapy" {venom, +Blink rC+ MR+}
rCold  + + .     Gourm    +     U - +1 pearl dragon scales
rNeg   + . .     Faith    .     (shield currently unavailable)
rPois  +         Spirit   .     n - +2 hat
rElec  +         Reflect  +     V - +1 cloak "Xuirokes" {Slay+6 Stlth+}
rCorr  .         Harm     .     (gloves unavailable)
MR     +++..     NoTele   +     (boots unavailable)
Stlth  +++.......               l - amulet of the Messenger {Reflect -Tele rF++ Str+2 Int-2 SH+5}
                                S - ring of poison resistance
                                K - ring of Bil Tadghao {rElec rC+ AC+2 Int+4}

@: exhausted, very slightly contaminated, hasted and slowed
A: unfitting armour, claws 3, talons 1, icy blue scales 1, agile 2, blurry
vision 1, fast metabolism 3, frail 1, gourmand, magic resistance 1, mutation
resistance 1, regeneration 1, shaggy fur 1, tough skin 2, weak 1
a: Berserk, Trog's Hand, Brothers in Arms, Burn Spellbooks, Renounce Religion,
Evoke Blink
}: 3/10 runes: serpentine, barnacled, silver


You were in the Dungeon.
You worshipped Trog.
Trog was extremely pleased with you.
You were full.

You visited 1 branch You collected 6712 gold pieces.
You spent 5382 gold pieces at shops.

Inventory:

Hand Weapons
 a - the +12 giant club of the Solstice {freeze, rF+}
   (Trog gifted it to you in the Dungeon)

   It has been specially enchanted to freeze those struck by it, causing extra
   injury to most foes and up to half again as much damage against particularly
   susceptible opponents.
   It can also slow down cold-blooded creatures.
   It protects you from fire.
 b - the +10 giant club "Sapy" (weapon) {venom, +Blink rC+ MR+}
   (Trog gifted it to you in the Dungeon)

   It poisons the flesh of those it strikes.
   It protects you from cold.
   It affects your resistance to hostile enchantments.
   It lets you blink.
 c - the +7 dire flail of Kodyst {holy, rElec}
   (Trog gifted it to you in the Dungeon)

   It has been blessed by the Shining One to cause great damage to the undead
   and demons.
   It insulates you from electricity.
 d - the +6 giant spiked club of Hucs {freeze, +Fly rF+ Dex+2}
   (Trog gifted it to you in the Dungeon)

   It has been specially enchanted to freeze those struck by it, causing extra
   injury to most foes and up to half again as much damage against particularly
   susceptible opponents.
   It can also slow down cold-blooded creatures.
   It affects your dexterity (+2).
   It protects you from fire.
   It lets you fly.
 p - the +4 giant spiked club of Quantum Leap {elec, rC+}
   (Trog gifted it to you in the Dungeon)

   Occasionally, upon striking a foe, it will discharge some electrical energy
   and cause terrible harm.
   It protects you from cold.
 u - the +6 lajatang "Banisher" {holy, Str+4}
   (Trog gifted it to you in the Dungeon)

   It has been blessed by the Shining One to cause great damage to the undead
   and demons.
   It affects your strength (+4).
 w - the +2 giant club of the Jolly Wishes {protect, rC++}
   (Trog gifted it to you in the Dungeon)

   It protects the one who uses it against injury (+AC on strike).
   It greatly protects you from cold.
 x - the +8 dire flail of Dullness {antimagic, +Blink MR+}
   (Trog gifted it to you in the Dungeon)

   It reduces the magical energy of the wielder, and disrupts the spells and
   magical abilities of those hit.
   Natural abilities and divine invocations are not affected.
   It affects your resistance to hostile enchantments.
   It lets you blink.
 z - the +3 great mace of Sanuosetwa {chaos, *Corrode rC+ rN++ Str+4}
   (Trog gifted it to you in the Dungeon)

   Each time it hits an enemy it has a different, random effect.
   It affects your strength (+4).
   It protects you from cold.
   It greatly protects you from negative energy.
   It may corrode you when you take damage.
 A - a +4 broad axe of electrocution
 I - the +8 dire flail of Sunlight {crush, MR+ Stlth+}
   (You found it in the Dungeon)

   It inflicts extra damage upon your enemies.
   It affects your resistance to hostile enchantments.
   It makes you more stealthy.
 X - the +4 giant spiked club "Kiok" {freeze, rElec Int+3}
   (Trog gifted it to you in the Dungeon)

   It has been specially enchanted to freeze those struck by it, causing extra
   injury to most foes and up to half again as much damage against particularly
   susceptible opponents.
   It can also slow down cold-blooded creatures.
   It affects your intelligence (+3).
   It insulates you from electricity.
 Z - the +6 broad axe "Towuddia" {chop, rElec Dex+4}
   (You found it in the Dungeon)

   It inflicts extra damage upon your enemies.
   It affects your dexterity (+4).
   It insulates you from electricity.
Missiles
 m - 56 large rocks (quivered)
 v - 26 javelins of penetration
 B - 7 silver javelins
 C - 8 steel tomahawks
 H - 22 steel javelins
 M - 7 poisoned javelins
 O - 6 tomahawks of returning
Armour
 n - a +2 hat (worn)
 s - the +1 cloak of the First Snow {*Slow MR+ Regen+ Dex+4}
   (You acquired it in the Dungeon)

   It affects your dexterity (+4).
   It affects your resistance to hostile enchantments.
   It increases your rate of regeneration.
   It may slow you when you take damage.
 E - a +2 robe of cold resistance
 P - a +2 cloak of invisibility
 U - +1 pearl dragon scales (worn)
 V - the +1 cloak "Xuirokes" (worn) {Slay+6 Stlth+}
   (You bought it in a shop in the Dungeon)

   It affects your accuracy and damage with ranged weapons and melee attacks
   (+6).
   It makes you more stealthy.
Jewellery
 l - the amulet of the Messenger (around neck) {Reflect -Tele rF++ Str+2 Int-2 SH+5}
   (You bought it in a shop in the Dungeon)

   [amulet of reflection]

   It shields you and reflects attacks.
   It affects your strength (+2).
   It affects your intelligence (-2).
   It greatly protects you from fire.
   It prevents most forms of teleportation.
   It affects your SH (+5).
 q - an uncursed ring of flight
 K - the ring of Bil Tadghao (left claw) {rElec rC+ AC+2 Int+4}
   (You found it in the Dungeon)

   [ring of protection]

   It affects your AC (+2).
   It affects your intelligence (+4).
   It protects you from cold.
   It insulates you from electricity.
 S - a ring of poison resistance (right claw)
Wands
 L - a wand of heal wounds (3/9)
 R - a wand of hasting (5/9)
 W - a wand of disintegration (10/24)
Scrolls
 i - 3 scrolls of blinking
 k - a scroll of silence
 r - 2 scrolls of magic mapping
 T - a scroll of recharging
Potions
 f - a potion of haste
 g - 4 potions of magic
 h - 2 potions of berserk rage
 y - 7 potions of curing
 F - a potion of cancellation
 J - 4 potions of flight
 Q - 3 potions of resistance
Miscellaneous
 j - a box of beasts
Comestibles
 o - 21 royal jellies
 t - 3 bread rations
 D - 10 fruits
 G - 12 chunks of flesh


   Skills:
 + Level 22.1 Fighting
 + Level 25.3 Maces & Flails
 * Level 19.6 Throwing
 * Level 16.3 Armour
 + Level 15.3 Dodging
 + Level 7.7 Stealth
   Level 1.2 Shields
 + Level 4.0 Evocations


You had 15 spell levels left.
You didn't know any spells.

Dungeon Overview and Level Annotations

Branches:
Dungeon (1/1)

Altars:
Cheibriados
Dithmenos
Elyvilon
Fedhas
Gozag
Hepliaklqana
Kikubaaqudgha
Makhleb
Nemelex Xobeh
Okawaru
Qazlal
Ru
Sif Muna
Trog
Uskayaw
Vehumet
Xom
Yredelemnul
Zin
The Shining One
Beogh
Jiyva
Lugonu

Shops:
D =?(([}%[!}}[}}[*([:!=?}%

Annotations:
D Gloorx Vloq


Innate Abilities, Weirdness & Mutations

You are too large for most types of armour.
You have claws for hands.
Your metabolism is lightning-fast.
You like to eat raw meat.
Your natural rate of healing is unusually fast.
You are covered in fur. (AC +1)
You have very tough skin. (AC +2)
You have sharp toenails.
You are partially covered in icy blue scales. (AC +2)
You are very agile. (Dex +4)
Scrolls take you a little longer to read.
You are frail. (-10% HP)
You are resistant to hostile enchantments. (MR+)
You are somewhat resistant to further mutation.
You are weak. (Str -2)


Message History

* * * LOW HITPOINT WARNING * * *
The Executioner hits you but does no damage. x2
The Executioner gestures.
Gloorx Vloq hits your iron troll!
The Executioner hits you but does no damage.
The Executioner misses you.
The Executioner hits you but does no damage. x2
The Executioner closely misses you.
The Executioner hits you but does no damage.
Gloorx Vloq calls on the powers of darkness!
Your body is wracked with pain!
* * * LOW HITPOINT WARNING * * *
Your iron troll convulses!
Your iron troll bites Gloorx Vloq but does no damage.
Your iron troll claws Gloorx Vloq!!!
Your iron troll claws Gloorx Vloq!!
The Executioner gestures.
You block the Executioner's attack.
The Executioner hits you but does no damage. x2
The Executioner hits you!!
You die...

,,,,**,≈≈≈≈≈≈≈≈≈≈,*#........#'###
,,,,**,,,≈≈≈≈≈≈,,,*#≈......≈#≈≈≈#
******,,,,,≈≈,,,,,*#)((.).≈)#'#'#
,*,***,,,,,,,,,,,,*####()####.#.#
,,,,**8,,,,,,,,,,8*#(.'.....#'###
###########+###############.#..'∩
...................#...# ##.####∩
...............11..#...###.}.###.
)).)..(()..()(51@.))(.(().....((.
.)..........§..&...#...###.).###.
............).T....#...# ##.##∩#.
############M##############.#..#.
≈≈≈≈*#§§§#§§§§#§§,*#......#'#'##.
≈*+**#§§§'§§§§'M§§*#......#.)..'.
≈*,* #§§.#§§§§#§§,*#......#)####.
≈****##+########+**#......))#.###
≈≈≈≈* *,,,,,,,,,,* #......###.#..


You could see Gloorx Vloq, 3 Executioners, a guardian mummy, a quasit and a
friendly iron troll (berserk).

Vanquished Creatures
  Mennas (D)
  Mara (D)
  Boris (D)
  Frederick (D)
  Geryon (D)
  Nikola (D)
  Rupert (D)
  A lich (D)
  2 quicksilver dragons (D)
  A titan (D)
  A deep elf blademaster (D)
  An Executioner (D)
  Polyphemus (D)
  Harold (D)
  2 shadow dragons (D)
  A storm dragon (D)
  A nagaraja (D)
  4 azure jellies (D)
  A fire giant (D)
  Ilsuiw (D)
  Roxanne (D)
  A frost giant (D)
  3 stone giants (D)
  Nessos (D)
  A vampire knight (D)
  A dire elephant (D)
  3 deep elf demonologists (D)
  Azrael (D)
  A spark wasp (shapeshifter) (D)
  A merfolk javelineer (D)
  A mummy priest (D)
  A deep elf death mage (D)
  16 vault guards (D)
  A fire dragon (D)
  Erolcha (D)
  A deep elf high priest (D)
  4 yaktaur captains (D)
  2 hell beasts (D)
  2 anacondas (D)
  2 centaur warriors (D)
  4 dancing weapons (D)
  An ogre mage (D)
  3 death yaks (D)
  3 titan zombies (D)
  Urug (D)
  A shock serpent (shapeshifter) (D)
  2 sun demons (D)
  A small abomination (D)
  2 soul eaters (D)
  A shadow wraith (D)
  8 skeletal warriors (D)
  A death drake (D)
  2 anaconda zombies (D)
  A sea snake (D)
  2 obsidian statues (D)
  Joseph (D)
  A lindwurm (D)
  6 ugly things (D)
  2 oklob plants (D)
  5 deep elf magi (D)
  2 crystal guardians (D)
  An orc sorcerer (D)
  2 elephants (D)
  2 iron troll simulacra (D)
  5 black mambas (D)
  2 spiny frogs (D)
  A torpor snail (shapeshifter) (D)
  A guardian serpent (D)
  7 statues (D)
  A komodo dragon (D)
  A rime drake (D)
  8 yaktaurs (D)
  4 guardian mummies (D)
  An anaconda simulacrum (D)
  A queen bee (D)
  2 ice devils (D)
  4 spriggan defenders (D)
  A two-headed ogre (shapeshifter) (D)
  2 tyrant leeches (D)
  3 hornets (D)
  3 dream sheep (D)
  An orc high priest (D)
  7 slime creatures (D)
  8 blink frogs (D)
  5 redbacks (D)
  3 shadows (D)
  A redback (shapeshifter) (D)
  3 wandering mushrooms (D)
  2 hill giants (D)
  A naga (D)
  A spatial vortex (D)
  3 water moccasins (D)
  A fire dragon simulacrum (D)
  A swamp drake (D)
  A necrophage (D)
  2 orc warriors (D)
  3 two-headed ogres (D)
  A water elemental (D)
  32 killer bees (D)
  A scorpion (D)
  2 electric eels (D)
  A quasit (D)
  A wizard (D)
  A jelly (D)
  8 orc priests (D)
  Jessica (D)
  A necromancer (D)
  A kobold demonologist (D)
  3 humans (D)
  5 adders (D)
  2 oozes (D)
  2 ball lightnings (D)
  6 orcs (D)
  A rat (D)
  2 ballistomycetes (D)
  3 butterflies (D)
  2 crawling corpses (D)
  9 plants (D)
300 creatures vanquished.

Vanquished Creatures (collateral kills)
  Gastronok (D)
  2 draconian knights (D)
  2 stone giants (D)
  A vampire knight (D)
  A dire elephant (D)
  A naga warrior (D)
  A death yak (D)
  2 deep elf knights (D)
  A statue (D)
  A spriggan druid (D)
  An orc knight (D)
  A deep elf mage (D)
  2 crystal guardians (D)
  An ugly thing (D)
  A black mamba (D)
  A molten gargoyle (D)
  3 yaktaurs (D)
  2 spriggans (D)
  A shadow (D)
  A naga (D)
  3 orc warriors (D)
  A fire dragon simulacrum (D)
  2 black mamba simulacra (D)
  3 electric eels (D)
  An orc wizard (D)
  A quasit (D)
38 creatures vanquished.

Vanquished Creatures (others)
  Chuck (D)
  2 draconian scorchers (D)
  2 hydras (D)
  A deep elf knight (D)
  6 hellions (D)
  2 yaktaurs (D)
  An electric eel (D)
  6 ball lightnings (D)
  A ballistomycete spore (D)
  A bush (D)
  2 plants (D)
25 creatures vanquished.

Grand Total: 363 creatures vanquished

Notes
Turn   | Place    | Note
-------+----------+-------------------------------------------
     0 | D        | dvd the Troll Berserker began the quest for the Orb.
     0 | D        | Reached XP level 1. HP: 22/22 MP: 0/0
     7 | D        | Reached skill level 3 in Maces & Flails
    11 | D        | Reached XP level 2. HP: 26/31 MP: 1/1
    16 | D        | Noticed Jessica
    18 | D        | Killed Jessica
    18 | D        | Reached ** piety under Trog
    18 | D        | Reached skill level 4 in Maces & Flails
    18 | D        | Reached XP level 3. HP: 38/39 MP: 2/2
    39 | D        | Noticed a scorpion
    58 | D        | Killed a scorpion
    58 | D        | Reached skill level 5 in Maces & Flails
    58 | D        | Reached XP level 4. HP: 42/49 MP: 3/3
    66 | D        | Killed a yaktaur
    83 | D        | Reached skill level 6 in Maces & Flails
    83 | D        | Reached XP level 5. HP: 61/61 MP: 4/4
    85 | D        | Gained mutation: Scrolls take you a little longer to read. [potion of mutation]
    85 | D        | Gained mutation: You occasionally shout uncontrollably at your foes. [potion of mutation]
    85 | D        | Gained mutation: You tend to lose your temper in combat. [potion of mutation]
    86 | D        | Lost mutation: You occasionally shout uncontrollably at your foes. [potion of mutation]
    86 | D        | Gained mutation: Armour fits poorly on your strangely shaped body. [potion of mutation]
    87 | D        | Gained mutation: You are resistant to hostile enchantments. (MR+) [potion of mutation]
    87 | D        | Lost mutation: Scrolls take you a little longer to read. [potion of mutation]
    87 | D        | Gained mutation: You have sharp toenails. [potion of mutation]
    95 | D        | Killed a hellion
   106 | D        | Reached *** piety under Trog
   106 | D        | Reached skill level 7 in Maces & Flails
   117 | D        | Killed a hellion
   128 | D        | Killed a hellion
   139 | D        | Noticed a water elemental
   147 | D        | Killed a water elemental
   147 | D        | Reached skill level 1 in Stealth
   161 | D        | Killed a white draconian scorcher
   181 | D        | Found a radiant altar of Vehumet.
   181 | D        | Found a deep blue altar of Sif Muna.
   181 | D        | Found an ancient bone altar of Kikubaaqudgha.
   186 | D        | Killed a hellion
   186 | D        | Killed a hellion
   187 | D        | Reached **** piety under Trog
   187 | D        | Reached XP level 6. HP: 71/71 MP: 5/5
   192 | D        | Received a gift from Trog
   209 | D        | Killed a white draconian scorcher
   241 | D        | Found a glowing silver altar of Zin.
   241 | D        | Found a glowing golden altar of the Shining One.
   241 | D        | Found a white marble altar of Elyvilon.
   242 | D        | Noticed a deep elf mage
   251 | D        | Killed a deep elf mage
   251 | D        | Reached ***** piety under Trog
   251 | D        | Received a gift from Trog
   251 | D        | Reached skill level 9 in Maces & Flails
   251 | D        | Reached XP level 7. HP: 80/80 MP: 6/6
   255 | D        | Got a twisted giant club {god gift}
   264 | D        | Identified the +10 giant club "Sapy" {venom, +Blink rC+ MR+} (Trog gifted it to you in the Dungeon)
   273 | D        | Killed a hellion
   291 | D        | Found a hide-covered altar of Uskayaw.
   291 | D        | Found a roughly hewn altar of Beogh.
   291 | D        | Found an iron altar of Okawaru.
   291 | D        | Found a bloodstained altar of Trog.
   291 | D        | Noticed a human
   292 | D        | Noticed a human
   297 | D        | Killed a human
   301 | D        | Killed a human
   336 | D        | Found a basalt altar of Yredelemnul.
   336 | D        | Found a shadowy altar of Dithmenos.
   336 | D        | Found a sacrificial altar of Ru.
   341 | D        | Reached skill level 10 in Maces & Flails
   341 | D        | Reached XP level 8. HP: 80/89 MP: 7/7
   342 | D        | Killed a yaktaur
   404 | D        | Found a blossoming altar of Fedhas.
   404 | D        | Found a stormy altar of Qazlal.
   404 | D        | Found a snail-covered altar of Cheibriados.
   404 | D        | Found a burning altar of Makhleb.
   404 | D        | Found a shimmering altar of Xom.
   405 | D        | Found a hazy altar of Hepliaklqana.
   405 | D        | Found an opulent altar of Gozag.
   405 | D        | Found a sparkling altar of Nemelex Xobeh.
   405 | D        | Found a corrupted altar of Lugonu.
   405 | D        | Found a viscous altar of Jiyva.
   413 | D        | Received a gift from Trog
   414 | D        | Got a smoking dire flail {god gift}
   415 | D        | Identified the +7 dire flail of Kodyst {holy, rElec} (Trog gifted it to you in the Dungeon)
   462 | D        | Reached skill level 11 in Maces & Flails
   511 | D        | Found a roughly hewn altar of Beogh.
   512 | D        | Noticed an orc sorcerer
   515 | D        | Noticed an ice devil
   527 | D        | Noticed an orange demon
   530 | D        | Gained mutation: Scrolls take you a little longer to read. [a neqoxec]
   531 | D        | Killed an orc sorcerer
   531 | D        | Reached skill level 12 in Maces & Flails
   531 | D        | Reached XP level 9. HP: 76/100 MP: 8/8
   533 | D        | Received a gift from Trog
   570 | D        | Received a gift from Trog
   575 | D        | Received a gift from Trog
   706 | D        | Lost mutation: Armour fits poorly on your strangely shaped body. [potion of cure mutation]
   706 | D        | Lost mutation: You tend to lose your temper in combat. [potion of cure mutation]
   706 | D        | Lost mutation: You have sharp toenails. [potion of cure mutation]
   723 | D        | Received a gift from Trog
   737 | D        | Found Duclixy's Antique Weapon Shoppe.
   810 | D        | Noticed Erolcha
   819 | D        | Killed Erolcha
   819 | D        | Received a gift from Trog
   819 | D        | Reached skill level 10 in Fighting
   819 | D        | Reached skill level 13 in Maces & Flails
   823 | D        | Received a gift from Trog
   997 | D        | Noticed a wandering mushroom
  1014 | D        | Reached skill level 5 in Throwing
  1036 | D        | Killed an eight-headed hydra
  1084 | D        | Noticed a wandering mushroom
  1087 | D        | Noticed a wandering mushroom
  1091 | D        | Killed a wandering mushroom
  1091 | D        | Reached skill level 14 in Maces & Flails
  1091 | D        | Reached XP level 10. HP: 111/111 MP: 9/9
  1139 | D        | Noticed a spiny frog
  1139 | D        | Noticed a spiny frog
  1143 | D        | Killed a spiny frog
  1144 | D        | Killed a spiny frog
  1144 | D        | Received a gift from Trog
  1146 | D        | Reached ****** piety under Trog
  1146 | D        | Received a gift from Trog
  1209 | D        | Reached skill level 15 in Maces & Flails
  1233 | D        | Reached skill level 10 in Dodging
  1323 | D        | Killed a five-headed hydra
  1329 | D        | Received a gift from Trog
  1360 | D        | Noticed Rupert
  1371 | D        | Killed Rupert
  1371 | D        | Reached skill level 16 in Maces & Flails
  1371 | D        | Reached XP level 11. HP: 96/123 MP: 10/10
  1451 | D        | Noticed an azure jelly
  1451 | D        | Noticed an azure jelly
  1451 | D        | Noticed an azure jelly
  1451 | D        | Noticed an azure jelly
  1454 | D        | Noticed a dire elephant
  1454 | D        | Noticed a dire elephant
  1454 | D        | Noticed Gastronok
  1457 | D        | Killed a dire elephant
  1457 | D        | Received a gift from Trog
  1459 | D        | Killed a dire elephant
  1459 | D        | Reached skill level 17 in Maces & Flails
  1463 | D        | Killed Gastronok
  1516 | D        | Noticed a death yak
  1517 | D        | Noticed a death yak
  1521 | D        | Noticed a death yak
  1522 | D        | Noticed a death yak
  1526 | D        | Killed a death yak
  1530 | D        | Killed a death yak
  1530 | D        | Received a gift from Trog
  1537 | D        | Killed a death yak
  1537 | D        | Reached skill level 18 in Maces & Flails
  1547 | D        | Killed a death yak
  1852 | D        | Noticed Harold
  1852 | D        | Noticed Joseph
  1859 | D        | Killed Harold
  1859 | D        | Received a gift from Trog
  1859 | D        | Reached XP level 12. HP: 104/136 MP: 11/11
  1863 | D        | Killed Joseph
  1953 | D        | Reached skill level 19 in Maces & Flails
  1974 | D        | Received a gift from Trog
  1975 | D        | Got a dazzling giant spiked club {god gift}
  1976 | D        | Identified the +6 giant spiked club of Hucs {freeze, +Fly rF+ Dex+2} (Trog gifted it to you in the Dungeon)
  2074 | D        | Received a gift from Trog
  2144 | D        | Received a gift from Trog
  2197 | D        | Received a gift from Trog
  2198 | D        | Got an ancient giant club {god gift}
  2199 | D        | Identified the +12 giant club of the Solstice {freeze, rF+} (Trog gifted it to you in the Dungeon)
  2543 | D        | Received a gift from Trog
  2547 | D        | Got a warped great mace {god gift}
  2548 | D        | Identified the +3 great mace of Sanuosetwa {chaos, *Corrode rC+ rN++ Str+4} (Trog gifted it to you in the Dungeon)
  2562 | D        | Noticed Urug
  2568 | D        | Killed Urug
  2794 | D        | Found a blossoming altar of Fedhas.
  2802 | D        | Received a gift from Trog
  2831 | D        | Received a gift from Trog
  2981 | D        | Got a bloodstained dire flail
  2998 | D        | Gained mutation: You are frail. (-10% HP) [potion of mutation]
  2998 | D        | Gained mutation: You have sharp toenails. [potion of mutation]
  2998 | D        | Gained mutation: You are agile. (Dex +2) [potion of mutation]
  3013 | D        | Identified the +8 dire flail of Sunlight {crush, MR+ Stlth+} (You found it in the Dungeon)
  3274 | D        | Noticed an anaconda
  3275 | D        | Received a gift from Trog
  3283 | D        | Killed an anaconda
  3283 | D        | Received a gift from Trog
  3340 | D        | Noticed an anaconda
  3342 | D        | Killed an anaconda
  3342 | D        | Received a gift from Trog
  3351 | D        | Reached skill level 5 in Stealth
  3446 | D        | Noticed a nagaraja
  3447 | D        | Noticed a naga warrior
  3453 | D        | Killed a nagaraja
  3460 | D        | Killed a naga warrior
  3460 | D        | Received a gift from Trog
  3460 | D        | Reached skill level 15 in Fighting
  3467 | D        | Found Celuz's Jewellery Boutique.
  3467 | D        | Found Aworin's Magic Scroll Emporium.
  3474 | D        | Found Quuham's Antique Weapon Shop.
  3565 | D        | Received a gift from Trog
  3568 | D        | Got a crystal giant spiked club {god gift}
  3569 | D        | Identified the +4 giant spiked club of Quantum Leap {elec, rC+} (Trog gifted it to you in the Dungeon)
  3579 | D        | Got a serpentine rune of Zot
  3588 | D        | Gained mutation: You are somewhat resistant to further mutation. [mutagenic meat]
  3589 | D        | Lost mutation: You are frail. (-10% HP) [mutagenic meat]
  3620 | D        | Bought the amulet of the Messenger {Reflect -Tele rF++ Str+2 Int-2 SH+5} for 570 gold pieces
  3622 | D        | Bought a scroll of enchant armour for 75 gold pieces
  3622 | D        | Bought a scroll of enchant armour for 75 gold pieces
  3628 | D        | Bought an uncursed ring of flight for 227 gold pieces
  3628 | D        | Bought a +3 ring of intelligence for 204 gold pieces
  3723 | D        | Killed an azure jelly
  3723 | D        | Reached XP level 13. HP: 149/149 MP: 12/12
  3729 | D        | Killed an azure jelly
  3731 | D        | Killed an azure jelly
  3731 | D        | Reached skill level 20 in Maces & Flails
  3734 | D        | Killed an azure jelly
  3815 | D        | Noticed Polyphemus
  3861 | D        | Killed Polyphemus
  3864 | D        | Received a gift from Trog
  3937 | D        | Noticed Ilsuiw
  3938 | D        | Found Bogufitzic's Gadget Emporium.
  3969 | D        | Killed Ilsuiw
  4028 | D        | Found Adiblubb's Food Shop.
  4029 | D        | Found Abuvvur's Antique Armour Shoppe.
  4030 | D        | Noticed a merfolk javelineer
  4039 | D        | Killed a merfolk javelineer
  4111 | D        | Got a barnacled rune of Zot
  4136 | D        | Bought a runed robe for 147 gold pieces
  4158 | D        | Bought a wand of heal wounds (5/9) for 594 gold pieces
  4266 | D        | Received a gift from Trog
  4292 | D        | Received a gift from Trog
  4292 | D        | Received a gift from Trog
  4292 | D        | Reached skill level 10 in Throwing
  4302 | D        | Noticed a deep elf demonologist
  4342 | D        | Noticed a deep elf demonologist
  4481 | D        | Received a gift from Trog
  4633 | D        | Found Vaojus's Antique Armour Emporium.
  4633 | D        | Found Gaujaut's Distillery.
  4633 | D        | Found Juigipux's General Store.
  4633 | D        | Found Mofim's Food Shoppe.
  4633 | D        | Found Aphyut's Antique Weapon Boutique.
  4633 | D        | Found Fekecats's Book Emporium.
  4633 | D        | Found Diqyra's Armour Shoppe.
  4633 | D        | Found Wafoett's Gadget Shop.
  4633 | D        | Found Pocupp's Gadget Shop.
  4633 | D        | Found Geakuny's Magic Scroll Emporium.
  4633 | D        | Found Asekhlih's Gadget Emporium.
  4633 | D        | Found Wipto's Jewellery Boutique.
  4637 | D        | Bought a bloodstained robe for 142 gold pieces
  4647 | D        | Identified the +1 robe of the Ward {rElec rN+ Str-5} (You bought it in a shop in the Dungeon)
  4675 | D        | Bought a potion of haste for 110 gold pieces
  4675 | D        | Bought a potion of curing for 33 gold pieces
  4675 | D        | Bought a potion of haste for 110 gold pieces
  4675 | D        | Bought a potion of curing for 33 gold pieces
  4675 | D        | Bought a potion of resistance for 110 gold pieces
  4675 | D        | Bought a potion of degeneration for 11 gold pieces
  4681 | D        | Bought an uncursed ring of poison resistance for 220 gold pieces
  4706 | D        | Bought a scroll of blinking for 97 gold pieces
  4706 | D        | Bought a scroll of blinking for 97 gold pieces
  4711 | D        | Bought 2 potions of curing for 60 gold pieces
  4711 | D        | Bought a scroll of recharging for 95 gold pieces
  4713 | D        | Bought +1 pearl dragon scales for 1049 gold pieces
  4736 | D        | Received a gift from Trog
  4960 | D        | Got a transparent rapier
  4961 | D        | Identified the +5 rapier "Tiwem" {vamp, *Noise Dex+7} (You found it in the Dungeon)
  4974 | D        | Noticed a fire dragon
  4976 | D        | Killed a fire dragon
  4976 | D        | Reached skill level 21 in Maces & Flails
  4976 | D        | Reached skill level 1 in Armour
  4976 | D        | Reached skill level 1 in Evocations
  5025 | D        | Received a gift from Trog
  5146 | D        | Received a gift from Trog
  5146 | D        | Reached XP level 14. HP: 112/165 MP: 7/14
  5206 | D        | Gained mutation: You are frail. (-10% HP) [mutagenic meat]
  5210 | D        | Gained mutation: You are weak. (Str -2) [mutagenic meat]
  5257 | D        | Received a gift from Trog
  5297 | D        | Noticed an ancient lich
  5317 | D        | Received a gift from Trog
  5317 | D        | Received a gift from Trog
  5318 | D        | Got a translucent giant spiked club {god gift}
  5319 | D        | Identified the +4 giant spiked club "Kiok" {freeze, rElec Int+3} (Trog gifted it to you in the Dungeon)
  5386 | D        | Noticed Chuck
  5524 | D        | Killed Chuck
  5524 | D        | Reached skill level 5 in Armour
  5540 | D        | Got an ancient broad axe
  5541 | D        | Identified the +6 broad axe "Towuddia" {chop, rElec Dex+4} (You found it in the Dungeon)
  5573 | D        | Noticed Frederick
  5591 | D        | Killed Frederick
  5591 | D        | Received a gift from Trog
  5754 | D        | Received a gift from Trog
  5771 | D        | Noticed a lich
  5777 | D        | Killed a lich
  5777 | D        | Reached skill level 22 in Maces & Flails
  5803 | D        | Noticed a shadow dragon
  5803 | D        | Noticed a shadow dragon
  5814 | D        | Killed a shadow dragon
  5818 | D        | Killed a shadow dragon
  5821 | D        | Received a gift from Trog
  5922 | D        | Noticed a fire giant
  5924 | D        | Noticed a titan
  5929 | D        | Noticed a frost giant
  5929 | D        | Noticed a stone giant
  5965 | D        | Killed a fire giant
  5971 | D        | Killed a titan
  5974 | D        | Received a gift from Trog
  6003 | D        | Noticed a quicksilver dragon
  6012 | D        | Killed a quicksilver dragon
  6133 | D        | Reached XP level 15. HP: 139/161 MP: 16/16
  6216 | D        | Reached skill level 10 in Armour
  6230 | D        | Received a gift from Trog
  6324 | D        | Noticed a quicksilver dragon
  6331 | D        | Received a gift from Trog
  6331 | D        | Reached skill level 23 in Maces & Flails
  6334 | D        | Killed a quicksilver dragon
  6368 | D        | Killed a frost giant
  6368 | D        | Received a gift from Trog
  6396 | D        | Received a gift from Trog
  6636 | D        | Received a gift from Trog
  6640 | D        | Received a gift from Trog
  6663 | D        | Received a gift from Trog
  6671 | D        | Got a silver rune of Zot
  6742 | D        | Got an ichor-stained shield
  6749 | D        | Identified the +5 shield "Taofium" {rElec Dex+2} (You acquired it in the Dungeon)
  6749 | D        | Identified a +2 rod of ignition (12/12) (You found it in the Dungeon)
  6921 | D        | Noticed a deep elf blademaster
  6933 | D        | Killed a deep elf blademaster
  6936 | D        | Received a gift from Trog
  6948 | D        | Received a gift from Trog
  6973 | D        | Got a wavering iron ring
  6975 | D        | Identified the ring of Bil Tadghao {rElec rC+ AC+2 Int+4} (You found it in the Dungeon)
  6979 | D        | Identified the Disquisition on Conjuration and the Snowflakes
  6983 | D        | Received a gift from Trog
  6983 | D        | Received a gift from Trog
  6984 | D        | Got a bloodstained dire flail {god gift}
  6984 | D        | Got a dazzling great sword {god gift}
  6985 | D        | Identified the +8 dire flail of Dullness {antimagic, +Blink MR+} (Trog gifted it to you in the Dungeon)
  6986 | D        | Identified the +3 great sword "Fuhy" {flame, *Drain rF++ Str+3 SInv} (Trog gifted it to you in the Dungeon)
  7173 | D        | Reached skill level 15 in Throwing
  7194 | D        | Noticed Azrael
  7202 | D        | Killed Azrael
  7332 | D        | Received a gift from Trog
  7340 | D        | Received a gift from Trog
  7353 | D        | Noticed Mara
  7362 | D        | Noticed dvd's illusion
  7369 | D        | Killed Mara
  7371 | D        | Received a gift from Trog
  7505 | D        | Noticed Nikola
  7505 | D        | Noticed a storm dragon
  7511 | D        | Killed a storm dragon
  7523 | D        | Received a gift from Trog
  7530 | D        | Killed Nikola
  7530 | D        | Received a gift from Trog
  7550 | D        | Received a gift from Trog
  7570 | D        | Received a gift from Trog
  7570 | D        | Reached skill level 1 in Shields
  7609 | D        | Got a pitted giant club {god gift}
  7610 | D        | Identified the +2 giant club of the Jolly Wishes {protect, rC++} (Trog gifted it to you in the Dungeon)
  7633 | D        | Got a steaming cloak
  7644 | D        | Identified the +1 cloak of the First Snow {*Slow MR+ Regen+ Dex+4} (You acquired it in the Dungeon)
  7727 | D        | Received a gift from Trog
  7772 | D        | Found Tutyom's Armour Shoppe.
  7772 | D        | Found Wurhunn's Gadget Shop.
  7778 | D        | Found Veb Jyuf's Gadget Shop.
  7778 | D        | Found Pufilul's Distillery.
  7791 | D        | Bought the +1 cloak "Xuirokes" {Slay+6 Stlth+} for 623 gold pieces
  7803 | D        | Bought 2 potions of beneficial mutation for 700 gold pieces
  7803 | D        | Gained mutation: You are partially covered in icy blue scales. (AC +2) [potion of beneficial mutation]
  7804 | D        | Gained mutation: You are very agile. (Dex +4) [potion of beneficial mutation]
  7814 | D        | Found Teemagi's Armour Boutique.
  7829 | D        | Noticed Roxanne
  7838 | D        | Killed Roxanne
  7838 | D        | Received a gift from Trog
  7838 | D        | Reached skill level 24 in Maces & Flails
  7838 | D        | Reached XP level 16. HP: 101/175 MP: 18/18
  7839 | D        | Received a gift from Trog
  8066 | D        | Received a gift from Trog
  8075 | D        | Reached skill level 15 in Armour
  8175 | D        | Received a gift from Trog
  8177 | D        | Received a gift from Trog
  8219 | D        | Noticed an Executioner
  8228 | D        | Killed an Executioner
  8310 | D        | Noticed Nessos
  8319 | D        | Killed Nessos
  8330 | D        | Received a gift from Trog
  8408 | D        | Noticed Mennas
  8416 | D        | Killed Mennas
  8416 | D        | Received a gift from Trog
  8475 | D        | Reached skill level 15 in Dodging
  8526 | D        | Noticed Boris
  8531 | D        | Received a gift from Trog
  8538 | D        | Killed Boris
  8538 | D        | Reached skill level 25 in Maces & Flails
  8544 | D        | Received a gift from Trog
  8547 | D        | Received a gift from Trog
  8555 | D        | Got a scorched lajatang {god gift}
  8556 | D        | Identified the +6 lajatang "Banisher" {holy, Str+4} (Trog gifted it to you in the Dungeon)
  8618 | D        | Noticed Geryon
  8818 | D        | Killed Geryon
  8857 | D        | Received a gift from Trog
  8897 | D        | Received a gift from Trog
  8969 | D        | Received a gift from Trog
  9022 | D        | Noticed Gloorx Vloq
  9023 | D        | Noticed an Executioner
  9023 | D        | Noticed an Executioner
  9025 | D        | Noticed an Executioner
  9044 | D        | Noticed an Executioner
  9044 | D        | Noticed an Executioner
  9044 | D        | Noticed an Executioner
  9044 | D        | Noticed an Executioner
  9046 | D        | Slain by an Executioner

Skill      XL: |  1  2  3  4  5  6  7  8  9 10 11 12 13 14 15 16 |
---------------+-------------------------------------------------+-----
Maces & Flails | 3 4 5 6 7 9 10 12 14 16 18 19 21 22 24 25 | 25.3
Fighting       | 3 4 6 7 8 9 10 11 13 15 17 18 20 22 | 22.1
Dodging        | 3 4 6 7 8 9 10 12 13 14 15 | 15.3
Throwing       | 4 5 6 8 10 12 17 19 | 19.6
Stealth        | 1 2 3 5 6 7 |  7.7
Armour         | 3 9 14 16 | 16.3
Evocations     | 1 3 4 |  4.0
Shields        | 1 |  1.2

Action                   |  1- 3 |  4- 6 |  7- 9 | 10-12 | 13-15 | 16-18 || total
-------------------------+-------+-------+-------+-------+-------+-------++-------
Melee: Mace              |    17 |    22 |       |       |       |       ||    39
       Kick              |       |     8 |    14 |    12 |   162 |    69 ||   265
       Giant club        |       |       |    83 |   204 |   410 |   132 ||   829
       Dire flail        |       |       |       |    27 |       |       ||    27
Throw: Javelin           |       |       |     3 |       |     7 |       ||    10
       Tomahawk          |       |       |     2 |       |       |       ||     2
       Large rock        |       |       |       |    27 |    79 |    31 ||   137
Invok: Berserk           |       |     3 |     3 |     4 |     9 |     3 ||    22
       Burn Spellbooks   |       |     1 |       |       |     4 |     1 ||     6
       Brothers in Arms  |       |       |     2 |     8 |     9 |    10 ||    29
       Trog's Hand       |       |       |     2 |     1 |     4 |     1 ||     8
 Abil: Evoke Flight      |       |       |       |       |     6 |       ||     6
       Stop Flying       |       |       |       |       |     2 |       ||     2
Evoke: Wand              |       |       |       |       |     2 |       ||     2
  Use: Potion            |       |     6 |     1 |     2 |     5 |     6 ||    20
       Scroll            |       |       |       |     8 |     7 |     2 ||    17
 Stab: Sleeping          |     1 |     1 |     1 |     3 |       |       ||     6
       Distracted        |       |       |       |     1 |     3 |     2 ||     6
  Eat: Chunk             |       |     4 |    19 |    26 |    56 |    18 ||   123
       Royal jelly       |       |       |       |       |     3 |     1 ||     4
       Meat ration       |       |       |       |       |     1 |       ||     1
       Pizza             |       |       |       |       |     1 |       ||     1
Armor: Animal skin       |     5 |     3 |    11 |     4 |       |       ||    23
       Robe              |       |       |       |    26 |    12 |       ||    38
       Pearl dragon scal |       |       |       |       |    87 |   125 ||   212
Dodge: Dodged            |     7 |    11 |    38 |   151 |   159 |   187 ||   553
Block: Other             |       |       |       |     2 |    44 |    51 ||    97
       Reflection        |       |       |       |       |    11 |     6 ||    17
